 Dungeon Crawl Stone Soup version 0.31-a0-625-gc9c7e45f3f (webtiles) character file.

Game seed: 450109026441949696

84 AdnanSaban the Covered (level 4, -4/29 HPs)
             Began as a Gargoyle Fighter on Aug 24, 2023.
             Slain by a black bear (5 damage)
             ... on level 3 of the Dungeon.
             The game lasted 00:01:52 (2140 turns).

AdnanSaban the Covered (Gargoyle Fighter)           Turns: 2140, Time: 00:01:52

Health: -4/29      AC: 17    Str: 21    XL:     4   Next: 45%
Magic:  4/4        EV: 14    Int:  9    God:
Gold:   145        SH:  4    Dex:  9    Spells: 3/3 levels left

rFire   . . .        a - +0 flail
rCold   . . .        c - +0 buckler
rNeg    + . .        b - +0 scale mail
rPois   ∞            r - +2 helmet
rElec   +            j - +1 cloak
rCorr   .            p - +0 pair of gloves
SInv    .            (no boots)
Will    .....        (no amulet) Stlth
                     k - +5 ring of evasion
HPRegen 0.24/turn    (no ring)
MPRegen 0.09/turn

%: no passive effects
@: no status effects
A: sickness immunity, AC +3, negative energy resistance 1, electricity
resistance, torment resistance 1, petrification resistance
a: no special abilities


You were on level 3 of the Dungeon.
You visited 1 branch of the dungeon, and saw 4 of its levels.

You collected 145 gold pieces.

Inventory:

Hand Weapons
 a - a +0 flail (weapon)
Missiles
 u - 3 boomerangs
 v - 4 poisoned darts
Armour
 b - a +0 scale mail (worn)
 c - a +0 buckler (worn)
 j - a +1 cloak (worn)
 p - a +0 pair of gloves (worn)
 r - a +2 helmet (worn)
Jewellery
 k - a +5 ring of evasion (left hand)
Scrolls
 e - 6 scrolls of identify {unknown}
 f - 2 scrolls of blinking {unknown}
 m - a scroll of immolation {unknown}
 s - a scroll of amnesia {unknown}
 w - a scroll of enchant weapon {unknown}
Potions
 d - a potion of might
 g - a potion of curing {unknown}
 h - 2 potions of degeneration {unknown}
 i - a potion of lignification {unknown}
 l - a potion of invisibility {unknown}
 n - 2 potions of brilliance {unknown}
 o - a potion of haste {unknown}
 q - a potion of enlightenment {unknown}
 t - 2 potions of heal wounds {unknown}


   Skills:
 + Level 3.6 Fighting
 + Level 3.0 Maces & Flails
 + Level 4.2 Armour
 + Level 0.2 Stealth
 + Level 3.7 Shields


You had 3 spell levels left.
You didn't know any spells.
Your spell library contained the following spells:

 Spells                   Type           Power      Damage    Failure   Level
 Sandblast                Erth           0%         2d4       78%         1
 Passwall                 Tmut/Erth      0%         N/A       89%         2
 Call Canine Familiar     Summ           0%         N/A       98%         3
 Portal Projectile        Hex/Tloc       0%         N/A       98%         3
 Stone Arrow              Conj/Erth      0%         3d7       98%         3
 Leda's Liquefaction      Hex/Erth       0%         N/A       100%        4


Dungeon Overview and Level Annotations

Branches:
Dungeon (4/15)
 Temple: D:4-7

Altars:

Annotations:
D:4 Ijyb


Innate Abilities, Weirdness & Mutations

You are immune to sickness and miasma.
Your stone body is resilient. (AC +3)
You are immune to poison.
You resist negative energy. (rN+)
You are resistant to electric shocks. (rElec)
You are resistant to unholy torment.
You are immune to petrification.


Message History

There is a stone staircase leading up here.
The black bear bites you but does no damage.
The black bear barely misses you.
The black bear claws you but does no damage.
You climb upwards.
There is a stone staircase leading down here.
You closely miss the black bear.
The black bear is moderately wounded.
The black bear bites you but does no damage.
The black bear claws you but does no damage.
The black bear closely misses you.
You thump the black bear!
The black bear is almost dead.
The black bear goes berserk!
You barely miss the black bear.
The black bear is almost dead.
The black bear closely misses you. The black bear completely misses you.
You block the black bear's attack. The black bear bites you.
* * * LOW HITPOINT WARNING * * *
You block the black bear's attack. The black bear misses you.
You thump the black bear!
The black bear is almost dead.
The black bear bites you.
* * * LOW HITPOINT WARNING * * *
The black bear claws you but does no damage. x2
You block the black bear's attack. The black bear closely misses you.
The black bear misses you.
You barely miss the black bear.
The black bear is almost dead.
The black bear bites you but does no damage.
The black bear misses you.
The black bear claws you but does no damage.
The black bear bites you.
* * * LOW HITPOINT WARNING * * *
The black bear claws you but does no damage.
The black bear closely misses you.
You hit the black bear but do no damage.
The black bear is almost dead.
The black bear bites you.
You die...

.........##............/.#
.........##..............#
.....[....#..............#
........#................#
##########...............# #
##..............# ######
#......>.......#
#....######.....h........#
'...............@........#
#....###.................###
#....# #.................'.#
#....# #.................#.#
#....# ####..............#.#
#....######..............#.#
.....##..................#.#
.....##....[......########.#
.....##...........# #.#


You could see a black bear (berserk).

Vanquished Creatures
  3 adders
  An ufetubus (D:4)
  2 dart slugs
  6 endoplasms
  3 giant cockroaches
  2 hobgoblins (D:3)
  7 kobolds
  2 quokkas (D:3)
  5 ball pythons
  5 bats
  4 frilled lizards
  4 goblins
  3 rats
47 creatures vanquished.

Notes
Turn   | Place    | Note
-------+----------+-------------------------------------------
     0 | D:1      | AdnanSaban the Gargoyle Fighter began the quest for the
                  | Orb.
     0 | D:1      | Reached XP level 1. HP: 14/14 MP: 1/1
   286 | D:1      | Reached XP level 2. HP: 14/19 MP: 2/2
   320 | D:1      | You fall into a shaft and drop 1 floor!
   409 | D:2      | Reached XP level 3. HP: 23/23 MP: 3/3
   857 | D:2      | Reached skill level 4 in Armour
   918 | D:2      | Found a faded altar of an unknown god.
  1769 | D:3      | Reached XP level 4. HP: 29/29 MP: 4/4
  2108 | D:4      | Noticed a black bear
  2108 | D:4      | Noticed Ijyb
  2121 | D:4      | Noticed a scorpion
  2139 | D:3      | HP: 1/29 [black bear (1)]
  2140 | D:3      | Slain by a black bear

Illustrated notes

Levels and vault maps discovered:
D:1:      dpeg_arrival_rooms_with_view, layout_basic
D:2:      layout_rooms, shapermc_ecumenical_altar_ellora
D:3:      layout_basic, roderic_three_in_a_row, hangedman_decor_points
D:4:      layout_loops_ring, minmay_temple_entry_waves, uniq_ijyb

Skill      XL: |  1  2  3  4 |
---------------+-------------+-----
Armour         | 4 |  4.2
Maces & Flails | 3 |  3.0
Fighting       | |  3.6
Stealth        | |  0.2
Shields        | |  3.7

Action                     |  1- 3 |  4- 6 || total
---------------------------+-------+-------++-------
  Melee: Flail             |   108 |    41 ||   149
 Armour: Scale mail        |    51 |    45 ||    96
  Dodge: Dodged            |    40 |    50 ||    90
  Block: Buckler           |    17 |    14 ||    31

Table legend: (Time is in decaauts)
 A = Elapsed time spent in this place.
 B = Non-inter-level travel time spent in this place.
 C = Inter-level travel time spent in this place.
 D = Time resting spent in this place.
 E = Time spent auto-exploring this place.
 F = Levels seen in this place.
 G = Mean time per level.
                   A        B        C        D        E       F      G
               +--------+--------+--------+--------+--------+-----+--------+
         Total |   2182 |   2083 |     99 |      0 |   1679 |   4 |  545.5 |
       Dungeon |   2182 |   2083 |     99 |      0 |   1679 |   4 |  545.5 |
               +--------+--------+--------+--------+--------+-----+--------+

Top non-repeatable levels by time:
     D:3: 885 daAuts
     D:1: 695 daAuts
     D:2: 541 daAuts
     D:4: 61 daAuts
